Map: Ascension to Aiur LE

Players

Nazew

  • Race: Terran Terran
  • League: Platinum
  • Spawn Location: 5:00

Yata - Winner!

  • Race: Zerg Zerg
  • League: Platinum
  • Spawn Location: 11:00

VOD

Have the link to the VOD?

Description

Time

  • Played on: Oct. 4, 2017, 12:14 a.m.
  • Length: 14:59
Show
View Real Time Build Order
Export as new Build Order

Nazew Terran 

Build Orders:  

Get SALT Encoding   

  12  0:01  SCV  
  13  0:14  Supply Depot  
  13  0:18  SCV  
  14  0:32  Refinery  
  14  0:33  SCV  
  15  0:42  Barracks  
  15  0:51  SCV  
  16  1:05  SCV  
  17  1:18  SCV  
  18  1:28  Marine  
  18  1:31  Orbital Command  
  19  1:47  Command Center  
  19  1:48  Marine  
  20  1:58  Supply Depot  
  20  2:05  Refinery  
  20  2:06  SCV  
  21  2:11  Marine  
  22  2:24  Factory  
  22  2:27  SCV  
  22  2:29  Marine  
  24  2:36  Supply Depot  
  24  2:47  Marine  
  25  3:02  Bunker  
  25  3:03  Orbital Command  
  25  3:13  Factory Reactor  
  25  3:18  Starport  
  25  3:25  Barracks Reactor  
  25  3:28  Orbital Command  
  24  3:39  SCV  
  25  3:55  SCV  
  26  3:57  Command Center  
  26  4:05  Viking  
  26  4:07  Marine  
  29  4:10  Marine  
  29  4:12  SCV  
  29  4:15  SCV  
  32  4:20  Hellion  
  32  4:23  Hellion  
  36  4:25  SCV  
  37  4:32  Supply Depot, SCV  
  37  4:34  Marine  
  37  4:37  Starport Tech Lab  
  39  4:39  Marine  
  39  4:41  SCV  
  39  4:45  Hellion  
  43  4:53  Orbital Command  
  42  5:01  Engineering Bay  
  42  5:05  SCV  
  42  5:06  Barracks  
  44  5:09  Barracks  
  42  5:19  SCV x2  
  44  5:31  Factory, Missile Turret  
  44  5:34  SCV x2  
  46  5:38  Starport Reactor  
  46  5:39  Planetary Fortress  
  46  5:45  Hellion  
  46  5:46  SCV  
  49  5:51  Terran Infantry Weapons Level 1  
  49  5:57  SCV  
  49  6:02  Missile Turret  
  49  6:03  SCV  
  51  6:06  Refinery  
  51  6:09  Refinery  
  51  6:18  Supply Depot  
  51  6:24  SCV x3  
  51  6:25  Marine  
  55  6:26  Barracks Reactor, Barracks Tech Lab  
  55  6:32  Armory  
  55  6:35  Engineering Bay  
  55  6:44  SCV  
  55  6:45  Supply Depot, SCV  
  57  6:51  SCV  
  57  6:52  Marine x2, Marauder  
  62  6:57  SCV  
  63  7:15  SCV x2  
  64  7:22  Siege Tank  
  68  7:23  Infernal Pre-Igniter  
  68  7:26  Terran Vehicle Weapons Level 1  
  68  7:28  Stimpack  
  68  7:29  SCV x2  
  70  7:30  SCV  
  71  7:37  Missile Turret  
  71  7:38  Supply Depot  
  71  7:42  Missile Turret  
  71  7:53  Barracks  
  71  7:54  Barracks  
  71  7:55  SCV x3  
  71  7:58  Missile Turret  
  74  8:00  Missile Turret  
  74  8:01  Siege Tank  
  74  8:03  Hellion  
  79  8:07  SCV x3  
  79  8:12  Marine x2  
  82  8:13  Marine x3  
  87  8:20  SCV x3  
  87  8:21  Missile Turret  
  90  8:32  Terran Infantry Armor Level 1, Barracks  
  90  8:33  Terran Infantry Weapons Level 2  
  90  8:40  Barracks Reactor  
  90  8:41  Barracks Reactor  
  90  8:53  Medivac x2  
  90  8:54  Marine x4  
  90  8:55  Marine  
  99  8:58  SCV  
  99  8:59  SCV  
  101  9:05  SCV  
  101  9:07  Supply Depot  
  102  9:10  Supply Depot  
  102  9:15  Marine x4  
  102  9:16  Marine  
  107  9:21  Command Center  
  107  9:23  Marine  
  107  9:24  Barracks Reactor, Marine  
  108  9:29  Supply Depot, Combat Shields, Marine, Marauder  
  108  9:30  Supply Depot  
  110  9:31  Terran Vehicle And Ship Armor Level 1  
  110  9:32  Supply Depot  
  110  9:33  Marine x3  
  86  9:41  Marine x3  
  86  9:42  Medivac x2, Marine  
  90  9:49  Marine  
  90  9:59  Marine x3  
  63  10:14  Siege Tank  
  63  10:17  Marine x4  
  63  10:18  Marine x4, Marauder  
  65  10:24  Marine x2  
  65  10:25  Widow Mine x2  
  65  10:27  Medivac x2  
  61  10:36  Marine x3  
  61  10:37  Marine x5  
  61  10:39  Marauder  
  71  10:44  Planetary Fortress  
  71  10:46  Missile Turret  
  71  10:52  Marine x2  
  71  10:53  Siege Tank  
  75  11:12  Medivac  
  75  11:13  Marine  
  75  11:16  Widow Mine  
  75  11:17  Command Center  
  64  11:53  Widow Mine x2  
  46  12:23  Marine x3  
  46  12:24  Marine x5, Marauder  
  56  12:32  Marine x2  
  49  12:41  Marine x3  
  48  12:45  Marauder  
  50  12:54  Marine x3  
  53  13:04  Marine x2  
  53  13:05  Marine  
  46  13:16  SCV  
  46  13:19  Supply Depot  
  47  13:23  Barracks Reactor  
  47  13:28  Marine  
  47  13:34  Widow Mine  
  50  13:41  SCV  
  41  14:25  SCV  
  42  14:32  Command Center  
Show
View Real Time Build Order
Export as new Build Order

Yata Zerg - Winner!

Build Orders: Hatch First 

Get SALT Encoding   

  12  0:00  Drone  
  13  0:12  Overlord  
  13  0:17  Drone  
  14  0:31  Drone  
  14  0:34  Drone  
  16  0:46  Drone  
  17  0:58  Hatchery  
  17  1:01  Drone  
  17  1:06  Drone  
  18  1:16  Extractor  
  17  1:20  Drone, Spawning Pool  
  17  1:28  Drone  
  18  1:39  Drone  
  19  1:50  Overlord  
  19  2:00  Drone  
  20  2:07  Queen  
  22  2:10  Queen  
  22  2:11  Zergling x2  
  22  2:12  Zergling x2  
  26  2:20  Metabolic Boost  
  26  2:22  Drone x2  
  28  2:34  Drone, Evolution Chamber  
  28  2:41  Drone, Baneling Nest  
  28  2:43  Overlord  
  28  2:46  Drone  
  29  2:57  Drone x2  
  31  3:08  Drone x2  
  33  3:17  Drone x2  
  33  3:18  Drone x2  
  33  3:19  Drone x2  
  40  3:20  Drone x2  
  41  3:27  Pneumatized Carapace  
  41  3:30  Drone x2  
  43  3:42  Hatchery  
  43  3:45  Overlord  
  43  3:46  Overlord  
  42  3:58  Drone x2  
  42  3:59  Extractor  
  43  4:04  Extractor  
  42  4:21  Zergling x2  
  42  4:22  Zergling x10  
  48  4:26  Drone  
  49  4:32  Drone x5  
  49  4:34  Lair  
  49  4:36  Zerg Missile Weapons Level 1  
  52  5:02  Drone  
  52  5:03  Drone x5  
  52  5:04  Drone  
  52  5:05  Spore Crawler  
  57  5:08  Spore Crawler  
  57  5:10  Spore Crawler  
  57  5:12  Queen  
  57  5:13  Queen  
  54  5:17  Drone x3  
  54  5:20  Drone  
  58  5:21  Overlord x3  
  58  5:30  Overlord  
  58  5:33  Centrifical Hooks  
  58  5:40  Queen  
  60  5:44  Overseer  
  60  5:45  Overseer  
  60  5:55  Queen  
  62  6:00  Drone x4  
  66  6:07  Hatchery  
  66  6:09  Drone x3  
  66  6:11  Queen  
  68  6:16  Zergling x6  
  68  6:17  Zergling x16  
  81  6:46  Zerg Melee Weapons Level 1  
  80  7:28  Hydralisk Den  
  80  7:29  Zergling x2  
  80  7:31  Overlord x5  
  80  7:55  Queen  
  80  7:58  Muscular Augments, Hydralisk x11  
  82  7:59  Hydralisk x7  
  82  8:02  Zergling x2  
  82  8:03  Zergling x2  
  82  8:05  Overlord x4  
  120  8:08  Hatchery  
  119  8:18  Overseer  
  120  8:20  Zergling x2  
  120  8:23  Zergling x2  
  120  8:24  Zergling x32  
  137  8:36  Drone x4  
  141  8:42  Zerg Ground Armor Level 1  
  141  8:47  Zergling x2  
  141  8:48  Zergling x8  
  146  8:50  Baneling x4  
  146  8:51  Baneling x6  
  146  8:58  Drone x5  
  151  9:12  Zergling x2  
  152  9:19  Overlord x7  
  152  9:20  Overlord x5  
  152  9:26  Hydralisk  
  149  9:37  Zergling x2  
  149  9:38  Zergling x18  
  150  9:51  Drone x5  
  145  10:03  Zergling x2  
  145  10:04  Zergling x6  
  138  10:08  Queen  
  138  10:17  Zergling x12  
  144  10:24  Zergling x4  
  146  10:36  Zergling x2  
  146  10:37  Zergling x10  
  152  10:42  Zerg Missile Weapons Level 2  
  152  10:51  Infestation Pit  
  152  10:54  Hydralisk x3  
  152  10:55  Hydralisk x8  
  172  11:03  Baneling x2  
  172  11:04  Baneling x5  
  162  11:05  Baneling x3  
  162  11:17  Zergling x2  
  162  11:18  Zergling x24  
  170  11:31  Zergling x2  
  170  11:32  Zergling x22  
  176  11:46  Zergling x2  
  176  11:47  Zergling x20  
  181  11:57  Baneling  
  181  11:58  Baneling x13  
  181  12:06  Hive  
  181  12:20  Zergling x22  
  181  12:21  Zergling x16  
  175  12:39  Zergling x2  
  175  12:40  Zergling x28  
  149  13:09  Hydralisk x7  
  149  13:10  Hydralisk x3  
  150  13:18  Baneling x3  
  150  13:26  Extractor  
  149  13:27  Extractor  
  148  13:42  Baneling x8  
  148  13:51  Hydralisk  
  150  13:59  Zergling x2  
  150  14:00  Zergling x50  
  150  14:01  Zergling x12  
  185  14:46  Hatchery x2  
Tags
 
Add a new tag
Caveats
  • Supply blocks, unpowered buildings, or Contaminate may cause inaccurate times.
  • Supply counts are checked every 10 seconds.